 Dungeon Crawl Stone Soup version 0.19.3-1-g3169bf9 (webtiles) character file.

29 volk64 the Chopper (level 3, -1/39 HPs)
             Began as an Octopode Berserker on Jan 24, 2017.
             Was a Follower of Trog.
             Slain by an adder (3 damage)
             ... on level 2 of the Dungeon.
             The game lasted 00:02:09 (821 turns).

volk64 the Chopper (Octopode Berserker)              Turns: 821, Time: 00:02:10

Health: -1/39      AC:  1    Str: 22    XL:     3   Next: 16%
Magic:  3/3        EV: 13    Int:  9    God:    Trog [*.....]
Gold:   33         SH:  3    Dex: 11    Spells: 0 memorised, 2 levels left

rFire  . . .     SeeInvis .     a - +0 hand axe
rCold  . . .     Gourm    .     f - +0 buckler
rNeg   . . .     Faith    .     (helmet restricted)
rPois  .         Spirit   .     (no amulet)
rElec  .         Reflect  .     (no ring)
rCorr  .         Harm     .     (no ring)
MR     .....                    (no ring)
Stlth  ..........               (no ring)
                                (no ring)
                                (no ring)
                                (no ring)
                                (no ring)

@: berserking, lethally poisoned (-1 -> -6), very quick
A: almost no armour, stealthy swim, amphibious, 8 rings, constrict 8, camouflage
1, gelatinous body 1
a: Berserk, Burn Spellbooks, Renounce Religion


You were on level 2 of the Dungeon.
You worshipped Trog.
Trog was aware of your devotion.
You were hungry.

You visited 1 branch of the dungeon, and saw 2 of its levels.

You collected 33 gold pieces.

Inventory:

Hand Weapons
 a - a +0 hand axe (weapon)
Armour
 f - a +0 buckler (worn)
Scrolls
 h - a scroll of identify {unknown}
 i - a scroll of fear {unknown}
 k - a scroll of amnesia {unknown}
Potions
 e - 2 potions of brilliance {unknown}
 j - a potion of curing {unknown}
Comestibles
 b - 2 bread rations
 c - 4 chunks of flesh
 d - a royal jelly
 g - a slice of pizza


   Skills:
 + Level 3.3 Fighting
 + Level 3.4 Axes
 + Level 3.2 Dodging
 + Level 1.5 Stealth


You had 2 spell levels left.
You didn't know any spells.

Dungeon Overview and Level Annotations

Branches:
Dungeon (2/15)

Altars:


Innate Abilities, Weirdness & Mutations

You cannot wear most types of armour.
You are very stealthy in the water. (Stealth+)
You are amphibious.
You can wear up to eight rings at the same time.
You can use your tentacles to constrict eight enemies at once.
Your skin changes colour to match your surroundings (Stealth+).
Your rubbery body absorbs attacks. (AC +1, EV +1)


Message History

Your shield prevents you from hitting the adder.
Your grab misses the adder.
The adder is heavily wounded.
You miss the jackal. You barely miss the jackal. The adder misses you.
The jackal closely misses you. x2
You miss the adder. Your grab misses the adder.
The adder is heavily wounded.
You hit the jackal.
You kill the jackal!
Trog accepts your kill.
You hit the jackal.
* * * LOW HITPOINT WARNING * * *
You feel sick. You block the adder's attack. The jackal bites you.
* * * LOW HITPOINT WARNING * * *
Unknown command.
You closely miss the adder. Your grab misses the adder.
Your squeeze misses the adder.
The adder is heavily wounded.
You hit the jackal. The adder bites you.
You die...

#. #. ##.# #.
####.#...## ##
.....#....# # #
#........#.# #
+..(......
########
#.......#
#.......
#..†h...#
#.#####.
#..S@...######.#
#.
#............#.#
#.
#........###.#.#
#. #####+##.#
#.#.# ## ..#
#.#.###### ####
#.#.......
#.#######. #.#
#. #.#######.


You could see an adder and a jackal.

Vanquished Creatures
  An ooze (D:2)
  2 leopard geckos (D:1)
  4 bats (D:1)
  4 goblins
  2 hobgoblins (D:1)
  A jackal (D:2)
  A ball python (D:2)
  2 frilled lizards
  2 kobolds
  2 rats (D:1)
21 creatures vanquished.

Notes
Turn   | Place    | Note
-------+----------+-------------------------------------------
     0 | D:1      | volk64 the Octopode Berserker began the quest for the Orb.
     0 | D:1      | Reached XP level 1. HP: 16/16 MP: 1/1
   108 | D:1      | Reached skill level 1 in Stealth
   183 | D:1      | Reached XP level 2. HP: 19/21 MP: 2/2
   756 | D:2      | Reached XP level 3. HP: 22/26 MP: 3/3
   820 | D:2      | HP: 1/39 [jackal (2)]
   821 | D:2      | Slain by an adder

Skill      XL: |  1 |
---------------+----+-----
Stealth        | 1 |  1.5
Fighting       | |  3.3
Axes           | |  3.4
Dodging        | |  3.2

Action                   || total
-------------------------++-------
Melee: Hand axe          ||    41
       Constrict         ||     8
       Tentacles         ||     7
Invok: Berserk           ||     1
 Stab: Sleeping          ||     7
Armor: Skin              ||     2
Dodge: Dodged            ||    36
Block: Buckler           ||     5
